 Dungeon Crawl Stone Soup version 0.23-a0-650-ga4d50d4 (webtiles) character file.

6 Amnesiac the Digger (level 1, -3/7 HPs)
             Began as a Felid Earth Elementalist on Jan 4, 2019.
             Slain by a gnoll
             ... wielding a +0 spear
              (5 damage)
             ... on level 2 of the Dungeon.
             The game lasted 00:00:45 (280 turns).

Amnesiac the Digger (Felid Earth Elementalist)       Turns: 280, Time: 00:00:46

Health: -3/7       AC:  1    Str:  4    XL:     1   Next: 75%
Magic:  4/4        EV: 18    Int: 16    God:
Gold:   40         SH:  0    Dex: 16    Spells: 3/4 levels left
                                        Lives:  0   Deaths: 0

rFire    . . .     SeeInvis +   (weapon unavailable)
rCold    . . .     Gourm    .   (shield unavailable)
rNeg     . . .     Faith    .   (armour unavailable)
rPois    .         Spirit   .   (helmet unavailable)
rElec    .         Reflect  .   (cloak unavailable)
rCorr    .         Harm     .   (gloves unavailable)
MR       .....                  (boots unavailable)
Stlth    +++.......             (no amulet)
HPRegen  0.02/turn              (no ring)
MPRegen  0.09/turn              (no ring)

@: quick
A: very small, no armour, no weapons or thrown items, stealth, claws 1, fangs 3,
see invisible, carnivore, speed 1, shaggy fur 1, slow metabolism 1, sharp paws
a: no special abilities


You were on level 2 of the Dungeon.
You were completely stuffed.

You visited 1 branch of the dungeon, and saw 2 of its levels.

You collected 40 gold pieces.

Inventory:

Missiles
 b - 50 stones
Potions
 a - a potion of lignification {!q, unknown}
 d - a potion of cancellation {!q, unknown}
 e - a potion of brilliance {!q, unknown}
 g - a potion of curing {!q, unknown}
Comestibles
 c - 2 rations


   Skills:
 - Level 2.6 Dodging
 - Level 2.6 Stealth
 + Level 2.1 Spellcasting
   Level 1.1 Transmutations
 * Level 3.0 Earth Magic


You had 3 spell levels left.
You knew the following spells:

 Your Spells              Type           Power        Failure   Level  Hunger
a - Sandblast             Erth           ##....       6%          1    #......

Your spell library contained the following spells:

 Spells                   Type           Power        Failure   Level  Hunger
 Passwall                 Tmut/Erth      #.......     13%         2    ###....
 Stone Arrow              Conj/Erth      #.....       32%         3    ###....
 Petrify                  Tmut/Erth      #.......     65%         4    #####..
 Lee's Rapid Deconstruct  Erth           ##........   86%         5    ######.


Dungeon Overview and Level Annotations

Branches:
Dungeon (2/15)

Altars:
Dithmenos


Innate Abilities, Weirdness & Mutations

You cannot wear armour.
You are incapable of wielding weapons or throwing items.
Your paws allow you to move quietly. (Stealth)
You have sharp claws.
You have razor-sharp teeth.
You have supernaturally acute eyesight. (SInv)
You are carnivorous and can eat meat at any time.
You cover ground quickly.
You are covered in fur. (AC +1)
You have a slow metabolism.
Your sharp claws are effective at attacking unaware monsters.


Message History

You climb downwards.
There is a stone staircase leading up here.
Found a flail.
You now have 27 gold pieces (gained 18).
A giant cockroach comes into view.
Found 20 stones.
A bat comes into view.
The helpless bat fails to defend itself.
You scratch the bat.
You kill the bat!
You scratch the giant cockroach.
The giant cockroach is severely wounded.
The giant cockroach bites you but does no damage.
You scratch the giant cockroach but do no damage.
The giant cockroach is severely wounded.
The giant cockroach completely misses you.
You scratch the giant cockroach.
The giant cockroach is almost dead.
The giant cockroach barely misses you.
You scratch the giant cockroach.
You kill the giant cockroach!
Your Earth Magic skill increases to level 3!
You see here a giant cockroach corpse.
You butcher the giant cockroach corpse.
f - a chunk of flesh
Found a red potion.
You see here a bat corpse.
You butcher the bat corpse.
f - 2 chunks of flesh (gained 1)
You see here a bat skeleton.
b - 50 stones (gained 20)
Found 13 gold pieces.
g - a red potion {!q} You now have 40 gold pieces (gained 13).
Eating one of 2 chunks of flesh.
You eat one of the 2 chunks of flesh.
This raw flesh tastes great.
Eating a chunk of flesh.
You eat the chunk of flesh.
This raw flesh tastes great.
A rat comes into view.
A gnoll comes into view. It is wielding a +0 spear.
Found a shadowy altar of Dithmenos.
Found a long sword.
You closely miss the rat.
The rat misses you. 2 gnolls come into view.
The gnoll shouts!
You hear a shout!
The gnoll throws a stone.
The stone hits you. The rat closely misses you.
An adder comes into view.
The gnoll throws a stone.
The stone completely misses you.
You see here a stone.
The gnoll shouts!
You hear a shout! x2
The adder bites you.
* * * LOW HITPOINT WARNING * * *
The gnoll throws a stone.
The stone barely misses you.
You see here a stone.
The gnoll shouts!
You scratch the rat.
You kill the rat!
The adder barely misses you. The adder misses you.
Things that are here:
a stone; a rat corpse The gnoll hits you from afar with a +0 spear.
Ouch! That really hurt!
You die...

..###. #.
#.#.#####.##### #..#..
##g #.#.# .#
##.....##..##.#.# #
..............#.#####.#
.........##รท..........#
#..)_.gg####.......####
........g##...#.##.#
.......(S.....#.##.####
##.....##.@#.##.......#
#..#.. ##.#.#####.##.#
#.. ##. #.#.#####.# . #.
..#.......# ..
########### .. .#


You could see 3 gnolls and an adder.

Vanquished Creatures
  A bat (D:2)
  A giant cockroach (D:2)
  A goblin (D:1)
  A hobgoblin (D:1)
  A rat (D:2)
5 creatures vanquished.

Notes
Turn   | Place    | Note
-------+----------+-------------------------------------------
     0 | D:1      | Amnesiac the Felid Earth Elementalist began the quest for
                  | the Orb.
     0 | D:1      | Reached XP level 1. HP: 7/7 MP: 4/4
   238 | D:2      | Reached skill level 3 in Earth Magic
   271 | D:2      | Found a shadowy altar of Dithmenos.
   280 | D:2      | Slain by a gnoll

Vault maps used:
D:1:      psy_arrival_statuary
D:2:      nicolae_dithmenos_shadow_blocks, overflow_temple_1_default,
          serial_bayou, serial_bayou_shore_a, serial_bayou_pond_e,
          serial_bayou_crossing, serial_bayou_shore_b, serial_bayou_shore_b,
          serial_bayou_pond_d, nicolae_gozag_zags_fifth_avenue

Skill      XL: |  1 |
---------------+----+-----
Earth Magic    | 3 |  3.0
Dodging        | |  2.6
Stealth        | |  2.6
Spellcasting   | |  2.1
Transmutations | |  1.1

Action                   || total
-------------------------++-------
Melee: Unarmed           ||    11
       Bite              ||     1
 Stab: Sleeping          ||     2
  Eat: Chunk             ||     6
Armor: Skin              ||     1
Dodge: Dodged            ||     9

Table legend:
 A = Non-vault XP
 B = Vault XP
 C = Vault XP percentage of total XP
 D = Non-vault monster count
 E = Vault monster count
 F = Vault count percentage of total count
                 A         B        C        D         E       F
            +---------+---------+-------+---------+---------+-------
      Total |       9 |       0 |   0.0 |       5 |       0 |   0.0
            +---------+---------+-------+---------+---------+-------
        D:1 |       4 |       0 |   0.0 |       2 |       0 |   0.0
        D:2 |       5 |       0 |   0.0 |       3 |       0 |   0.0
            +---------+---------+-------+---------+---------+-------
